 Dungeon Crawl Stone Soup version 0.23.1 (webtiles) character file.

Game seed: 5997254280204719964

134 Borgoz the Vexing (level 4, -2/24 HPs)
             Began as a Deep Elf Enchanter on Mar 7, 2019.
             Slain by an ogre
             ... wielding a +0 giant spiked club
              (26 damage)
             ... on level 4 of the Dungeon.
             The game lasted 00:05:55 (4662 turns).

Borgoz the Vexing (Deep Elf Enchanter)              Turns: 4662, Time: 00:05:56

Health: -2/24      AC:  5    Str:  6    XL:     4   Next: 95%
Magic:  11/11      EV: 10    Int: 20    God:
Gold:   169        SH:  0    Dex: 15    Spells: 7/10 levels left

rFire    . . .     SeeInvis .   a - +1 dagger
rCold    . . .     Gourm    .   (no shield)
rNeg     . . .     Faith    .   g - +0 ring mail
rPois    .         Spirit   .   (no helmet)
rElec    .         Reflect  .   (no cloak)
rCorr    .         Harm     .   (no gloves)
MR       .....                  (no boots)
Stlth    ++........             (no amulet)
HPRegen  0.08/turn              (no ring)
MPRegen  0.12/turn              (no ring)

@: no status effects
A: no striking features
a: no special abilities


You were on level 4 of the Dungeon.
You were not hungry.

You visited 1 branch of the dungeon, and saw 4 of its levels.

You collected 169 gold pieces.

Inventory:

Hand Weapons
 a - a +1 dagger (weapon)
 b - a +1 blowgun
Missiles
 n - 20 poisoned needles
Armour
 g - a +0 ring mail (worn)
 q - a +0 robe
Scrolls
 h - 2 scrolls of remove curse
Potions
 c - a potion of flight
 e - 2 potions of haste
 f - a potion of magic {unknown}
 j - a potion of agility {unknown}
 l - 2 potions of curing
Comestibles
 d - 5 rations
 i - a chunk of flesh


   Skills:
 + Level 0.1 Fighting
 * Level 2.6 Short Blades
 + Level 1.1 Armour
 * Level 3.2 Dodging
 + Level 4.2 Stealth
 + Level 3.7 Spellcasting
 + Level 4.4 Hexes
 + Level 0.9 Ice Magic


You had 7 spell levels left.
You knew the following spells:

 Your Spells              Type           Power        Failure   Level  Hunger
a - Corona                Hex            ###....      9%          1    None
b - Ensorcelled Hibernat  Hex/Ice        ##....       26%         2    ##.....

Your spell library contained the following spells:

 Spells                   Type           Power        Failure   Level  Hunger
 Confuse                  Hex            ###.....     24%         3    ###....
 Tukima's Dance           Hex            ###.....     24%         3    ###....
 Dazzling Spray           Conj/Hex       ##....       52%         3    ###....


Dungeon Overview and Level Annotations

Branches:
Dungeon (4/15)
 Temple: D:4-7

Altars:


Message History

Press: ? - help, Shift-Dir - straight line, f - worker ant
Aim: a worker ant (chance to defeat MR: 53%)
The worker ant looks drowsy...
The helpless worker ant fails to defend itself.
You impale the worker ant!!
You kill the worker ant!
Your Armour skill increases to level 1!
You see here a giant cockroach corpse.
You butcher the giant cockroach corpse.
i - a chunk of flesh Magic restored.
You now have 169 gold pieces (gained 15).
Found a scroll of noise.
An ogre comes into view. It is wielding a +0 giant spiked club.
The ogre shouts!
You hit the ogre.
The ogre is lightly wounded.
The ogre hits you with a +0 giant spiked club!!
Ouch! That really hurt!
You die...

####...###############..###
###.......................#
....##...#####.#########..###
#.#............# #.....
##..###.######.# ####.##.#
##.##?..### #...<# .#
#.........## # #.#### #
...##......##.###### ##
#.......@O......
#.......#.###### #.#....#....
#.#.#.##..### #.#.#.# ..#
..... ... .#.#. .... #. ..


You could see an ogre.

Vanquished Creatures
  A worker ant (D:4)
  3 adders
  3 oozes
  A worm (D:2)
  A dart slug (D:1)
  A leopard gecko (D:2)
  2 orcs (D:3)
  A ball python (D:1)
  7 bats
  6 giant cockroaches
  6 goblins
  5 hobgoblins
  6 jackals
  A quokka (D:2)
  6 frilled lizards
  8 kobolds
  4 rats
62 creatures vanquished.

Notes
Turn   | Place    | Note
-------+----------+-------------------------------------------
     0 | D:1      | Borgoz the Deep Elf Enchanter began the quest for the Orb.
     0 | D:1      | Reached XP level 1. HP: 10/10 MP: 6/6
   435 | D:1      | Reached XP level 2. HP: 9/15 MP: 6/8
   799 | D:1      | Learned a level 2 spell: Ensorcelled Hibernation
  1709 | D:2      | Reached XP level 3. HP: 19/19 MP: 5/9
  2779 | D:2      | Reached XP level 4. HP: 24/24 MP: 4/11
  4619 | D:4      | Reached skill level 1 in Armour
  4661 | D:4      | Noticed an ogre
  4662 | D:4      | Slain by an ogre

Skill      XL: |  1  2  3  4 |
---------------+-------------+-----
Short Blades   | 2 |  2.6
Stealth        | 4 |  4.2
Dodging        | 3 |  3.2
Armour         | 1 |  1.1
Fighting       | |  0.1
Spellcasting   | |  3.7
Hexes          | |  4.4
Ice Magic      | |  0.9

Action                   |  1- 3 |  4- 6 || total
-------------------------+-------+-------++-------
Melee: Dagger            |   185 |   123 ||   308
 Cast: Corona            |     7 |       ||     7
       Ensorcelled Hiber |    12 |     7 ||    19
  Use: Scroll            |     3 |     8 ||    11
 Stab: Sleeping          |     8 |     8 ||    16
  Eat: Chunk             |     5 |     4 ||     9
       Ration            |       |     1 ||     1
Armor: Robe              |     4 |       ||     4
       Ring mail         |    67 |    45 ||   112
Dodge: Dodged            |    89 |    66 ||   155
